 Dungeon Crawl Stone Soup version 0.31.0-4-g52a2dc7128 (webtiles) character file.

Game seed: 12450513882108155640

735518 Aviak the Hoplite (level 27, -1/291 HPs)
             Began as a Gnoll Ice Elementalist on Jan 21, 2024.
             Was the Champion of Cheibriados.
             Killed from afar by a wendigo (24 damage)
             ... with a seracfall
             ... on level 7 of Cocytus.
             The game lasted 04:55:23 (65864 turns).

Aviak the Hoplite (Gnoll Ice Elementalist)         Turns: 65864, Time: 04:55:24

Health: -1/291     AC: 35    Str: 33      XL:     27
Magic:  10/47      EV: 37    Int: 42 (43) God:    Cheibriados [******]
Gold:   4517       SH: 42    Dex: 32      Spells: 4/66 levels left

rFire   + + .        S - +7 sacred scourge (holy)
rCold   + + .        u - +8 tower shield {rF+}
rNeg    + + .        a - melded +0 swamp dragon scales {rPois}
rPois   ∞            Y - +0 helmet
rElec   +            T - +2 cloak
rCorr   .            k - melded +0 pair of gloves of Integrity {Str+3 Int-4 Dex+2}
SInv    .            U - melded +2 pair of boots
Will    ++++.        q - amulet of Xial {Reflect Will- Str+2 Dex+4 SH+5 Stlth+}
Stlth   +++++++++    V - ring "Laacyf" {+Blink rElec rC+ Will++ Str+3}
HPRegen 0.68/turn    G - ring of the Two Names {rF+ rN+ Will+ Int+3}
MPRegen 0.30/turn

%: reflection
@: statue-form, studying 2 skills, unable to drink, very slow
A: slow and powerful, torment resistance 1, boosted hp, fangs 1, strong nose,
distributed training, strong 1, subdued magic 1
}: 5/15 runes: decaying, slimy, silver, abyssal, gossamer
a: Begin Untransformation, Renounce Religion, Evoke Blink, Bend Time, Temporal
Distortion, Slouch, Step From Time


You were on level 7 of Cocytus.
You worshipped Cheibriados.
Cheibriados was exalted by your worship.
You were a living statue of rough stone.
You visited 12 branches of the dungeon, and saw 58 of its levels.
You visited the Abyss 1 time.
You also visited: Ossuary, Bailey, Gauntlet and Wizlab.

You collected 8913 gold pieces.
You spent 4396 gold pieces at shops.

Inventory:

Hand Weapons
 S - a +7 sacred scourge of holy wrath (weapon)
 Z - a +4 demon blade of electrocution
Armour
 a - +0 swamp dragon scales (melded) {rPois}
 k - the +0 pair of gloves of Integrity (melded) {Str+3 Int-4 Dex+2}
   (You found it on level 2 of the Dungeon)

   Str+3:     It affects your strength (+3).
   Int-4:     It affects your intelligence (-4).
   Dex+2:     It affects your dexterity (+2).
 u - a +8 tower shield of fire resistance (worn)
 T - a +2 cloak (worn)
 U - a +2 pair of boots (melded)
 Y - a +0 helmet (worn)
Jewellery
 q - the amulet of Xial (around neck) {Reflect Will- Str+2 Dex+4 SH+5 Stlth+}
   (You took it off a vault sentinel on level 5 of the Vaults)

   [amulet of reflection]

   Reflect:   It reflects blocked missile attacks.
   Str+2:     It affects your strength (+2).
   Dex+4:     It affects your dexterity (+4).
   Will-:     It decreases your willpower.
   SH+5:      It affects your SH (+5).
   Stlth+:    It makes you more stealthy.
 B - a ring of resist corrosion
 G - the ring of the Two Names (right fist) {rF+ rN+ Will+ Int+3}
   (You took it off a skeletal warrior on level 3 of the Crypt)

   [ring of positive energy]

   Int+3:     It affects your intelligence (+3).
   rF+:       It protects you from fire.
   rN+:       It protects you from negative energy.
   Will+:     It increases your willpower.
 V - the ring "Laacyf" (left fist) {+Blink rElec rC+ Will++ Str+3}
   (You took it off a centaur warrior on level 15 of the Dungeon)

   [ring of protection from cold]

   Str+3:     It affects your strength (+3).
   rC+:       It protects you from cold.
   rElec:     It insulates you from electricity.
   Will++:    It greatly increases your willpower.
   +Blink:    It lets you blink.
Talismans
 r - the granite talisman of the Skies Above (active) {rC+}
   (You found it on level 2 of the Depths)

   [granite talisman]

   rC+:       It protects you from cold.
 C - a talisman of death
Wands
 f - a wand of acid (5)
 n - a wand of iceblast (71)
 A - a wand of digging (11)
 F - a wand of charming (25)
 H - a wand of flame (47)
 O - a wand of mindburst (19)
Scrolls
 d - 4 scrolls of brand weapon
 i - 32 scrolls of identify
 j - 4 scrolls of enchant armour
 o - a scroll of amnesia
 t - 9 scrolls of teleportation
 v - 4 scrolls of silence {!r}
 K - 2 scrolls of poison
 N - 5 scrolls of revelation
 P - 4 scrolls of fear
Potions
 b - 7 potions of magic
 c - 15 potions of curing
 e - 6 potions of ambrosia
 g - 6 potions of brilliance
 h - 9 potions of heal wounds
 l - a potion of cancellation
 p - 6 potions of enlightenment
 s - 7 potions of invisibility
 w - 7 potions of resistance
 z - 10 potions of might
 D - 14 potions of attraction
 R - 7 potions of mutation {!q}
Miscellaneous
 m - a lightning rod (inert)
 y - the horn of Geryon (inert)
 J - a phantom mirror
 L - a tin of tremorstones (inert)
 W - a box of beasts


   Skills:
 + Level 19.9 Fighting
 + Level 19.9 Short Blades
 + Level 19.9 Long Blades
 + Level 19.9 Axes
 + Level 19.9 Maces & Flails
 + Level 22.5 Polearms
 + Level 19.9 Staves
 + Level 19.9 Ranged Weapons
 + Level 19.9 Throwing
 + Level 19.9 Armour
 + Level 20.3 Dodging
 + Level 20.3 Stealth
 + Level 25.6 Shields
 + Level 19.9 Unarmed Combat
 + Level 20.4 Spellcasting
 + Level 17.0 Conjurations
 + Level 17.0 Hexes
 + Level 17.0 Summonings
 + Level 17.0 Necromancy
 + Level 17.0 Translocations
 + Level 17.0 Fire Magic
 + Level 18.2 Ice Magic
 + Level 17.0 Air Magic
 + Level 17.0 Earth Magic
 + Level 17.0 Alchemy
 + Level 21.5 Invocations
 + Level 19.9 Evocations
 + Level 18.4 Shapeshifting


You had 4 spell levels left.
You knew the following spells:

 Your Spells              Type           Power      Damage    Failure   Level
a - Orb of Destruction    Conj           48%        9d13      1%          7
b - Ozocubu's Armour      Ice            100%       N/A       0%          3
c - Lehudib's Crystal Sp  Conj/Erth      48%        10d12     2%          8
d - Frozen Ramparts       Ice            100%       1d16      0%          3
e - Lesser Beckoning      Tloc           100%       N/A       0%          2
f - Irradiate             Conj/Alch      48%        3d27      0%          5
g - Blink                 Tloc           100%       N/A       0%          2
h - Freezing Cloud        Conj/Ice/Air   49%        6-21      0%          5
i - Passwall              Erth           97%        N/A       0%          3
r - Sticky Flame          Fire/Alch      97%        2d14      0%          4
t - Spellforged Servitor  Conj/Summ      48%        N/A       1%          7
w - Fireball              Conj/Fire      48%        3d19      0%          5
x - Ignition              Fire           48%        3d14      2%          8

Your spell library contained the following spells:

 Spells                   Type           Power      Damage    Failure   Level
 Apportation              Tloc           100%       N/A       0%          1
 Foxfire                  Conj/Fire      100%       2x1d9     0%          1
 Freeze                   Ice            100%       1d10      0%          1
 Kiss of Death            Conj/Necr      100%       2d13      0%          1
 Magic Dart               Conj           100%       1d8       0%          1
 Necrotise                Necr           100%       1d9       0%          1
 Sandblast                Erth           100%       2d20      0%          1
 Shock                    Conj/Air       100%       1d9       0%          1
 Slow                     Hex            100%       N/A       0%          1
 Sting                    Conj/Alch      100%       1d9       0%          1
 Summon Small Mammal      Summ           100%       N/A       0%          1
 Call Imp                 Summ           100%       N/A       0%          2
 Cigotuvi's Dreadful Rot  Necr/Alch/Air  100%       N/A       0%          2
 Jinxbite                 Hex            100%       N/A       0%          2
 Mercury Vapours          Alch/Air       100%       N/A       0%          2
 Momentum Strike          Conj/Tloc      100%       3d10      0%          2
 Searing Ray              Conj           100%       2d8       0%          2
 Static Discharge         Conj/Air       100%       3-8/arc   0%          2
 Confusing Touch          Hex            97%        N/A       0%          3
 Dazzling Flash           Conj/Hex       100%       N/A       0%          3
 Gell's Gravitas          Tloc           97%        N/A       0%          3
 Hailstorm                Conj/Ice       98%        3d15      0%          3
 Inner Flame              Hex/Fire       97%        N/A       0%          3
 Mephitic Cloud           Conj/Alch/Air  97%        N/A       0%          3
 Sigil of Binding         Hex            97%        N/A       0%          3
 Stone Arrow              Conj/Erth      100%       3d13      0%          3
 Summon Ice Beast         Ice/Summ       98%        N/A       0%          3
 Teleport Other           Tloc           97%        N/A       0%          3
 Tukima's Dance           Hex            97%        N/A       0%          3
 Vampiric Draining        Necr           97%        2d12      0%          3
 Volatile Blastmotes      Fire/Tloc      100%       2d18      0%          3
 Airstrike                Air            48%        2d(7-23)  0%          4
 Anguish                  Hex/Necr       48%        N/A       0%          4
 Animate Armour           Summ/Erth      100%       N/A       0%          4
 Animate Dead             Necr           97%        N/A       0%          4
 Brom's Barrelling Bould  Conj/Erth      97%        2d11      0%          4
 Cause Fear               Hex            48%        N/A       0%          4
 Dimensional Bullseye     Hex/Tloc       48%        N/A       0%          4
 Flame Wave               Conj/Fire      97%        2d20      0%          4
 Fulminant Prism          Conj/Alch      48%        3d20      0%          4
 Ignite Poison            Fire/Alch      97%        N/A       0%          4
 Iskenderun's Mystic Bla  Conj/Tloc      97%        2d19      0%          4
 Martyr's Knell           Necr/Summ      97%        N/A       0%          4
 Olgreb's Toxic Radiance  Alch           97%        N/A       0%          4
 Passage of Golubria      Tloc           97%        N/A       0%          4
 Petrify                  Alch/Erth      97%        N/A       0%          4
 Summon Blazeheart Golem  Fire/Summ      97%        N/A       0%          4
 Summon Lightning Spire   Summ/Air       97%        N/A       0%          4
 Vhi's Electric Charge    Tloc/Air       100%       N/A       0%          4
 Alistair's Intoxication  Alch           64%        N/A       0%          5
 Arcjolt                  Conj/Air       48%        1d58      0%          5
 Borgnjor's Vile Clutch   Necr/Erth      48%        N/A       0%          5
 Curse of Agony           Necr           97%        N/A       0%          5
 Iskenderun's Battlesphe  Conj           97%        2d14      0%          5
 Lee's Rapid Deconstruct  Erth           48%        3d23*     0%          5
 Metabolic Englaciation   Hex/Ice        49%        N/A       0%          5
 Silence                  Hex/Air        48%        N/A       0%          5
 Yara's Violent Unravell  Hex/Alch       48%        3d19      0%          5
 Bombard                  Conj/Erth      48%        9d8       1%          6
 Death Channel            Necr           48%        N/A       1%          6
 Dispersal                Tloc           48%        N/A       1%          6
 Sculpt Simulacrum        Ice/Alch       49%        N/A       1%          6
 Enfeeble                 Hex            48%        N/A       1%          7
 Haunt                    Necr/Summ      48%        N/A       1%          7
 Ozocubu's Refrigeration  Ice            50%        4d18      1%          7
 Summon Hydra             Summ           48%        N/A       1%          7
 Infestation              Necr           48%        N/A       2%          8
 Maxwell's Capacitive Co  Air            48%        ∞         2%          8
 Polar Vortex             Ice            50%        12d6*     28%         9
 Chain Lightning          Conj/Air       48%        3d64      43%         9
 Death's Door             Necr           48%        N/A       43%         9
 Dragon's Call            Summ           48%        N/A       43%         9
 Fire Storm               Conj/Fire      48%        8d12      43%         9
 Shatter                  Erth           48%        3d37*     43%         9
 Sublimation of Blood     Necr           Unusable   N/A       N/A         2

Dungeon Overview and Level Annotations

Branches:
Dungeon (15/15)            Temple (0/1) D:5            Lair (5/5) D:11
  Swamp (4/4) Lair:2       Spider (4/4) Lair:2        Slime (5/5) Lair:4
    Orc (2/2) D:12            Elf (3/3) Orc:2        Vaults (5/5) D:14
  Crypt (3/3) Vaults:3       Tomb (0/3) Crypt:3      Depths (4/4) D:15
   Hell (visited)             Dis (0/7) Hell            Geh (0/7) Hell
    Coc (7/7) Hell            Tar (0/7) Hell            Zot (0/5) Depths:4
Ossuary (visited)          Bailey (visited)          WizLab (visited)
Gauntlet (visited)

Altars:
Cheibriados
Elyvilon
Gozag
Hepliaklqana
Kikubaaqudgha
Trog
Vehumet
Xom
Yredelemnul
Zin
Jiyva

Shops:
D:15 *[*:   Orc:2 ![:?   Elf:1 ?   Elf:3 =   Vaults:2 (   Vaults:5 !!!
Depths:4 =

Portals:
Hell: Depths:1 Depths:2 Depths:3 Depths:4
Abyss: Depths:1 Depths:3
Pandemonium: Depths:2
Ziggurat: Depths:3
Trove: D:12 (show abyssal rune of Zot)

Annotations:
D:9 2 transporters, Millikuen's ghost, novice SpWr
Lair:3 2 transporters
Coc:7 Antaeus


Innate Abilities, Weirdness & Mutations

You are a living statue of rough stone.
Your actions are slow, but your melee attacks are powerful.
You are resistant to unholy torment.
Your maximum health is greatly increased.
Your equipment is partially melded.
You are immune to poison.
You have very sharp teeth.
Your uncanny sense of smell can sniff out nearby items.
Your experience applies equally to all skills.
Your muscles are strong. (Str +4, Int/Dex -1)
Your spells are a little easier to cast, but a little less powerful.


Message History

The ice statue is moderately damaged.
The ice statue gestures at you. The freezing blast misses you.
You hear a roar!
Aiming: Corrosive Bolt
Press: ? - help, Shift-Dir - straight line, f/p - ice statue
Aim: an ice statue (moderately damaged, 100% to hit)
The bolt of acid hits the ice statue!!
The acid corrodes the ice statue!
The ice statue is heavily damaged.
You are engulfed in freezing vapours.
You resist.
* * * LOW HITPOINT WARNING * * *
A shard shrike comes into view.
The ice statue gestures at you. The bolt of cold misses you.
The ice statue gestures.
You block the ice beast's attack.
Aiming: Corrosive Bolt
Press: ? - help, Shift-Dir - straight line, f/p - ice statue
Aim: an ice statue (heavily damaged, covered in acid, 100% to hit)
The bolt of acid hits the ice statue!!!
You destroy the ice statue!
Cheibriados appreciates the change of pace.
The ice beast disappears in a puff of smoke! x2
You are engulfed in freezing vapours.
You resist.
The sentinel's mark upon you fades away.
A harpy simulacrum comes into view.
The shard shrike is engulfed in freezing vapours.
A wendigo comes into view.
You block the shard shrike's attack.
You whack the shard shrike!
The shard shrike is lightly wounded.
The shard shrike is engulfed in freezing vapours.
The shard shrike closely misses you.
The wendigo gestures.
The harpy simulacrum collapses into a mass of ice!
The mass of ice explodes!
The seracfall batters the shard shrike!!
The shard shrike partially resists.
The seracfall batters you!! You partially resist.
You die...

############*********
#.°°8°......,~~~~~~~~
##.°○b......,,~~~~~~~
*#..°.°°..§.R,,,~~~~~~
#...≈≈≈≈≈≈≈≈≈~,,~~~~~~
#..≈≈≈≈≈≈.≈≈≈,,,~~~~~~
#..≈≈/$/≈≈≈☼.,,,,,~~~~
#..≈≈$φ$.....,,,,,,^,,
#..≈≈|$[≈≈≈..,,,,,~~~~
*,,~~~~~~,~~~,,,~~~~~~


You could see a shard shrike and a wendigo.

Vanquished Creatures
  the Royal Jelly (Slime:5)
  3 ancient liches
  Mennas (Vaults:2)
  A royal mummy (Crypt:3)
  Sojobo (Crypt:3)
  Bai Suzhen (Crypt:1)
  Xtahua (Vaults:5)
  18 shard shrikes
  An antique champion (WizLab)
  Saint Roka (Vaults:1)
  Geryon (Hell)
  4 golden dragons
  the Enchantress (Depths:3)
  A profane servitor (Crypt:3)
  5 bone dragons
  Jory (Crypt:2)
  9 Ice Fiends
  A shard shrike zombie (Crypt:3)
  A walking crystal tome (Depths:3)
  6 tentacled monstrosities
  A tainted leviathan (Hell)
  Zenata (Vaults:2)
  5 liches
  10 titans
  4 deep elf blademasters
  28 acid blobs
  Murray (Hell)
  5 quicksilver dragons (Vaults:5)
  5 sphinxes
  A kraken (Swamp:3)
  3 deep elf master archers (Elf:3)
  15 tentacled starspawn
  2 Executioners
  Frances (Swamp:1)
  4 ancient champions
  Agnes (Spider:4)
  5 tengu reavers
  Aizul (Elf:3)
  4 storm dragons
  Roxanne (Swamp:2)
  6 shadow dragons
  4 fenstrider witches (Swamp:4)
  2 thorn hunters
  A revenant (Abyss:3)
  Donald (Vaults:1)
  15 narguns
  24 azure jellies
  11 fire giants
  9 rockslimes
  Louise (Swamp:4)
  8 deep elf sorcerers
  7 emperor scorpions
  13 frost giants
  9 vault wardens
  A draconian shifter (Depths:4)
  An orc warlord (Vaults:2)
  8 shard shrike simulacra
  3 curse skulls
  5 deep elf elementalists
  6 ghost moths
  An angel (Abyss:4)
  The ghost of Dirian the Cleaver, a journeyman MiFi of Okawaru (Spider:1)
  3 juggernaut zombies
  13 ghouls
  15 ironbound preservers
  A draconian stormcaller (Depths:4)
  6 reapers
  A caustic shrike zombie (Crypt:3)
  27 very ugly things
  A draconian annihilator (Depths:4)
  3 spriggan defenders (Depths:3)
  11 quicksilver oozes
  2 broodmothers
  19 elemental wellsprings
  An ophan (Abyss:4)
  A cacodemon (Abyss:2)
  3 eleionomae
  3 green draconians (Depths:4)
  7 deep elf demonologists
  15 stone giants
  9 vampire knights
  A putrid mouth (Hell)
  10 dire elephants
  7 spark wasps
  2 white draconians (Depths:4)
  5 deep elf death magi
  A minotaur (Gauntlet)
  4 bunyips
  A lorocyproca (Depths:2)
  12 wendigos
  5 ironbound thunderhulks
  9 deep elf annihilators
  3 war gargoyles
  A red draconian (Depths:4)
  11 ettins
  A crystal guardian (Vaults:4)
  9 fire dragons
  3 green deaths
  Snorg (D:10)
  12 eidola
  6 deep elf high priests
  A merfolk javelineer (Depths:1)
  2 merfolk impalers
  5 jiangshi
  3 blizzard demons
  14 yaktaur captains
  10 entropy weavers
  11 great orbs of eyes
  An iron golem (Hell)
  A quicksilver dragon skeleton (Crypt:1)
  2 spriggan zombies (Crypt:3)
  A fenstrider witch zombie (Crypt:3)
  A hell beast (Swamp:4)
  4 hydras
  A shambling mangrove (Swamp:4)
  6 rakshasas
  3 ice dragons
  Fannar (Lair:3)
  27 vault guards
  2 spriggan air magi (Depths:3)
  3 centaur warriors
  2 ghost crabs
  4 juggernaut simulacra
  A catoblepas (Lair:5)
  A peacekeeper (Vaults:4)
  7 alligators
  3 ironbound frosthearts
  An anaconda (shapeshifter) (Vaults:5)
  10 caustic shrike simulacra
  5 radroaches
  8 death knights
  2 spriggan skeletons (Depths:3)
  29 dancing weapons
  6 ogre magi
  10 two-headed ogres
  Erica (D:8)
  3 boulder beetles
  A death scarab (Spider:2)
  A death yak (Lair:5)
  2 tengu warriors
  3 deep troll shamans
  9 demonic crawlers
  Urug (Lair:2)
  8 hell hogs
  5 spriggan berserkers
  5 vampire magi
  5 deep troll earth magi
  15 soul eaters
  2 emperor scorpion zombies
  An orc high priest (Orc:1)
  2 occultists
  14 deep elf knights
  12 thrashing horrors
  3 sun demons
  4 shadow wraiths
  2 titan skeletons
  A titan zombie (Crypt:3)
  4 sixfirhies
  8 wretched stars
  2 storm dragon skeletons (Depths:3)
  5 quicksilver dragon simulacra
  60 skeletal warriors
  11 iron trolls
  A deep troll (shapeshifter) (Vaults:4)
  3 golden dragon zombies (WizLab)
  5 flayed ghosts
  3 goliath frogs
  6 pharaoh ants
  A glowing orange brain (Depths:1)
  58 deep trolls
  A death drake (shapeshifter) (Depths:4)
  2 spriggan druids
  A death drake (Swamp:4)
  2 spatial maelstroms
  4 swamp dragons
  5 spriggan simulacra
  14 arcanists
  5 bog bodies
  A bunyip zombie (Crypt:2)
  A sun moth (Spider:2)
  8 orb spiders
  10 steelbarb worms
  7 lindwurms
  5 deep elf archers
  2 lindwurms (shapeshifter)
  5 necromancers
  31 phantasmal warriors
  12 ironbound convokers
  9 orc knights
  A shadow dragon zombie (Crypt:3)
  A golden dragon skeleton (Depths:3)
  An alligator zombie (Crypt:1)
  21 deep elf zephyrmancers
  29 large abominations
  19 deep elf pyromancers
  A harpy (Vaults:1)
  2 shadow dragon skeletons (Depths:3)
  2 shining eyes
  A human zombie (Vaults:5)
  13 orc sorcerers
  28 wolf spiders
  2 will-o-the-wisps
  An oklob plant (Spider:2)
  2 cyclopes
  4 manticores
  56 ugly things
  A salamander (Abyss:4)
  A stone giant zombie (WizLab)
  6 tengu skeletons (Depths:3)
  A black mamba (Lair:5)
  2 worldbinders
  2 rust devils
  2 stone giant skeletons
  An apocalypse crab (Abyss:2)
  An ice statue (Coc:7)
  4 molten gargoyles
  14 meliai
  6 moths of wrath
  A guardian serpent (Abyss:4)
  A naga mage (Abyss:4)
  2 iron dragon skeletons
  8 elephants
  Joseph (D:8)
  23 vault sentinels
  2 gargoyles
  3 eyes of devastation
  7 orange demons (Swamp:4)
  4 fire giant skeletons (Depths:3)
  4 titan simulacra
  18 smoke demons
  An alligator snapping turtle zombie (Crypt:3)
  3 torpor snails
  2 storm dragon simulacra
  11 komodo dragons
  A minotaur zombie (Crypt:1)
  A red draconian zombie (Crypt:2)
  An unseen horror (D:12)
  6 hellions
  A kobold demonologist (D:10)
  18 cane toads
  5 anaconda simulacra
  A bunyip simulacrum (Coc:1)
  A rime drake (shapeshifter) (D:13)
  2 tengu conjurers
  2 ice devils (Hell)
  2 rime drakes
  33 yaktaurs
  13 freezing wraiths
  A purple draconian skeleton (Crypt:2)
  2 tormentors
  10 ancient zymes
  3 efreet
  2 iron giant simulacra
  4 guardian mummies
  3 harpy zombies
  An iron troll zombie (Crypt:2)
  A queen bee (Abyss:4)
  5 trolls
  5 hellwings
  7 tyrant leeches
  A tengu simulacrum (Vaults:5)
  2 polar bears
  A harpy skeleton (Crypt:2)
  9 hornets
  5 iron dragon simulacra
  48 raiju
  4 dream sheep (Lair:4)
  5 glass eyes
  23 blink frogs
  2 ettin zombies
  A fire dragon zombie (Abyss:2)
  A tarantella (shapeshifter) (Vaults:4)
  43 tarantellas
  32 culicivoras
  3 stone giant simulacra
  4 air elementals
  A slime creature (shapeshifter) (Depths:3)
  104 slime creatures
  38 jumping spiders
  Sigmund (D:4)
  A yak (shapeshifter) (D:14)
  A spriggan (shapeshifter) (Elf:2)
  A guardian serpent skeleton (Crypt:1)
  18 shadows
  13 wraiths
  9 ynoxinuls
  13 water elementals
  19 small abominations
  A wyvern (shapeshifter) (Abyss:2)
  8 vampires
  An ushabti (Crypt:3)
  53 yaks
  8 spriggans
  4 dire elephant simulacra
  8 basilisks
  2 fire elementals
  12 wyverns
  65 redbacks
  2 naga simulacra
  5 fire bats
  A neqoxec (Abyss:4)
  3 steam dragons
  A steam dragon (shapeshifter) (Abyss:3)
  Eustachio (D:4)
  11 golden eyes
  49 starcursed masses
  4 wargs
  8 chaos spawn
  A basilisk (shapeshifter) (D:15)
  20 harpy simulacra
  15 vampire mosquitoes
  Edmund (D:4)
  A naga (Abyss:4)
  Menkaure (D:7)
  2 spatial vortices (Abyss:3)
  17 swamp worms
  2 naga zombies (Crypt:3)
  9 acid dragons
  A water moccasin (shapeshifter) (Abyss:2)
  A naga skeleton (Crypt:2)
  10 water moccasins
  Duvessa (D:5)
  2 water nymph skeletons (Crypt:2)
  A two-headed ogre skeleton (WizLab)
  2 glowing shapeshifter skeletons (Depths:3)
  7 hell hounds
  10 orc warriors
  A deep troll skeleton (Crypt:2)
  4 swamp drakes
  3 ice beasts
  41 laughing skulls
  A black bear (D:4)
  5 ettin simulacra
  An ice dragon simulacrum (Coc:1)
  2 sky beasts
  2 swamp dragon zombies (WizLab)
  A black mamba simulacrum (Hell)
  14 centaurs
  21 wolves
  11 boggarts
  13 ogres
  A lindwurm skeleton (Crypt:2)
  A kobold brigand (D:10)
  A phantom (Crypt:3)
  5 weeping skulls
  18 bullfrogs
  3 earth elementals
  6 gnoll sergeants
  2 scorpions (Ossuary)
  A salamander skeleton (Crypt:1)
  13 necrophages (Crypt:3)
  11 wyvern skeletons
  A deep troll simulacrum (WizLab)
  3 wights (D:9)
  Dowan (D:5)
  4 killer bees (D:8)
  A human simulacrum (Vaults:5)
  An electric eel (Lair:5)
  A howler monkey (D:6)
  A shapeshifter skeleton (Crypt:2)
  2 quasits
  4 iron imps
  3 hounds
  10 orc priests
  A cyclops simulacrum (WizLab)
  A jelly (D:6)
  9 gnoll boudas
  2 human skeletons (Crypt:1)
  22 orc wizards
  4 scorpion zombies (Ossuary)
  4 iguanas
  7 hell rats
  9 mummies
  23 gnolls
  8 adders
  3 shadow imps
  A white imp (Abyss:2)
  8 ufetubi
  4 adder zombies (Ossuary)
  4 ribbon worms
  A dart slug (D:4)
  47 orcs
  5 ball pythons
  A bat (D:1)
  2 endoplasms
  2 giant cockroaches
  9 goblins
  4 hobgoblins
  5 kobolds
  2 quokkas (D:5)
  6 gnoll zombies
  3 jackal zombies (Ossuary)
  A kobold skeleton (Crypt:2)
  A kobold zombie (Ossuary)
  7 rats
  2 lurking horrors (Abyss:4)
  17 starspawn tentacles
  2 tentacles (Swamp:3)
2761 creatures vanquished.

Vanquished Creatures (collateral kills)
  An antique champion (WizLab)
  An emperor scorpion (Spider:4)
  A balrug (Hell)
  A very ugly thing (Depths:2)
  A deep elf death mage (Elf:3)
  Erolcha (Orc:2)
  An alligator (Swamp:1)
  An ogre mage (Orc:2)
  2 two-headed ogres
  An orc high priest (Orc:2)
  A spriggan (Swamp:4)
  2 sun demons (Hell)
  A goliath frog (Lair:5)
  A deep troll (Depths:4)
  An orc sorcerer (Orc:2)
  An elephant (Lair:5)
  2 cane toads
  Maggie (D:10)
  A gargoyle (D:11)
  A molten gargoyle (Hell)
  A torpor snail (Lair:4)
  A smoke demon (Hell)
  A rime drake (D:15)
  3 komodo dragons
  A troll (Orc:2)
  7 blink frogs
  A tyrant leech (Lair:5)
  A hornet (Swamp:4)
  A tarantella (Spider:1)
  Grum (D:10)
  5 yaks
  4 vampire mosquitoes
  A water moccasin (Lair:3)
  A swamp drake (Swamp:1)
  An orc warrior (Orc:1)
  A centaur (D:6)
  An ogre (D:6)
  A phantom (D:6)
  2 bullfrogs
  3 gnoll sergeants (Bailey)
  2 hounds
  7 orc wizards (Orc:2)
  3 gnolls (Bailey)
  An adder (D:6)
  3 orcs
  3 goblins (D:10)
80 creatures vanquished.

Vanquished Creatures (others)
  A shard shrike (Coc:3)
  A deep elf sorcerer (Abyss:4)
  A shard shrike simulacrum (Coc:6)
  An eleionoma (Swamp:4)
  A thrashing horror (Abyss:4)
  A quicksilver dragon simulacrum (Coc:7)
  2 deep elf pyromancers
  2 deep elf zephyrmancers
  A titan simulacrum (Coc:1)
  A bunyip simulacrum (Coc:1)
  A tengu conjurer (D:15)
  2 anaconda simulacra
  A bloated husk (Swamp:2)
  A raiju (Abyss:2)
  A stone giant simulacrum (Coc:1)
  A centaur simulacrum (Coc:1)
  A yak (Lair:4)
  A harpy simulacrum (Coc:7)
  A naga (Abyss:4)
  2 ettin simulacra (Coc:1)
  A weeping skull (Abyss:2)
  A hell rat (Hell)
  2 orc wizards (Orc:2)
  An ufetubus (Abyss:4)
  An orc (Vaults:5)
  4 lurking horrors
  20 starspawn tentacles
  2 tentacles (Swamp:3)
56 creatures vanquished.

Grand Total: 2897 creatures vanquished

Notes
Turn   | Place    | Note
-------+----------+-------------------------------------------
     0 | D:1      | Aviak the Gnoll Ice Elementalist began the quest for the
                  | Orb.
     0 | D:1      | Reached XP level 1. HP: 13/13 MP: 6/6
   363 | D:1      | Reached XP level 2. HP: 19/19 MP: 5/7
  1179 | D:2      | Identified the +0 pair of gloves of Integrity {Str+3 Int-4
                  | Dex+2}
  1215 | D:2      | Reached skill level 5 in Spellcasting
  1215 | D:2      | Reached XP level 3. HP: 25/25 MP: 6/9
  1432 | D:2      | Reached skill level 1 in Invocations
  1436 | D:2      | Learned a level 3 spell: Ozocubu's Armour
  1440 | D:2      | Learned a level 3 spell: Frozen Ramparts
  1509 | D:2      | You fall into a shaft and drop 1 floor!
  1532 | D:3      | Reached skill level 1 in Fighting
  1532 | D:3      | Reached skill level 1 in Short Blades
  1532 | D:3      | Reached skill level 1 in Long Blades
  1532 | D:3      | Reached skill level 1 in Axes
  1532 | D:3      | Reached skill level 1 in Maces & Flails
  1532 | D:3      | Reached skill level 1 in Polearms
  1532 | D:3      | Reached skill level 1 in Staves
  1532 | D:3      | Reached skill level 1 in Ranged Weapons
  1532 | D:3      | Reached skill level 1 in Throwing
  1532 | D:3      | Reached skill level 1 in Armour
  1532 | D:3      | Reached skill level 1 in Shields
  1532 | D:3      | Reached skill level 1 in Unarmed Combat
  1532 | D:3      | Reached skill level 1 in Evocations
  1539 | D:3      | Reached skill level 1 in Shapeshifting
  1539 | D:3      | Reached XP level 4. HP: 13/32 MP: 4/11
  1541 | D:3      | Reached skill level 1 in Conjurations
  1541 | D:3      | Reached skill level 1 in Hexes
  1541 | D:3      | Reached skill level 1 in Summonings
  1541 | D:3      | Reached skill level 1 in Necromancy
  1541 | D:3      | Reached skill level 1 in Translocations
  1541 | D:3      | Reached skill level 1 in Fire Magic
  1541 | D:3      | Reached skill level 1 in Air Magic
  1541 | D:3      | Reached skill level 1 in Earth Magic
  1541 | D:3      | Reached skill level 1 in Alchemy
  2614 | D:4      | Noticed Eustachio
  2627 | D:4      | Reached XP level 5. HP: 28/37 MP: 5/12
  2651 | D:4      | Killed Eustachio
  2652 | D:4      | Reached skill level 5 in Dodging
  2652 | D:4      | Reached XP level 6. HP: 24/44 MP: 2/14
  2744 | D:4      | Noticed Sigmund
  2755 | D:4      | Killed Sigmund
  2756 | D:4      | Reached skill level 2 in Shields
  2807 | D:4      | Found a snail-covered altar of Cheibriados.
  2825 | D:4      | Noticed Edmund
  2841 | D:4      | Killed Edmund
  2842 | D:4      | Reached XP level 7. HP: 49/51 MP: 5/15
  2848 | D:4      | Reached skill level 5 in Stealth
  2984 | D:4      | Found a sand-covered staircase.
  2991 | Ossuary  | Entered an ossuary
  3346 | Ossuary  | Reached skill level 3 in Shields
  3346 | Ossuary  | Reached XP level 8. HP: 21/58 MP: 7/16
  4136 | D:4      | Found a glowing silver altar of Zin.
  4250 | D:4      | Became a worshipper of Cheibriados the Contemplative
  5083 | D:5      | Entered Level 5 of the Dungeon
  5101 | D:5      | Learned a level 3 spell: Summon Ice Beast
  5181 | D:5      | Noticed Duvessa
  5181 | D:5      | Noticed Dowan
  5192 | D:5      | Killed Duvessa
  5197 | D:5      | Killed Dowan
  5787 | D:5      | Found a staircase to the Ecumenical Temple.
  5795 | D:5      | Reached * piety under Cheibriados
  6017 | D:6      | Reached XP level 9. HP: 17/65 MP: 12/18
  6197 | D:6      | Reached skill level 4 in Shields
  6524 | D:6      | Reached ** piety under Cheibriados
  6846 | D:7      | Found a radiant altar of Vehumet.
  6961 | D:7      | Reached skill level 5 in Invocations
  6968 | D:7      | Learned a level 2 spell: Lesser Beckoning
  6971 | D:7      | Learned a level 2 spell: Blink
  7132 | D:8      | Noticed Erica
  7145 | D:8      | Killed Erica
  7146 | D:8      | Reached skill level 5 in Fighting
  7146 | D:8      | Reached skill level 5 in Short Blades
  7146 | D:8      | Reached skill level 5 in Long Blades
  7146 | D:8      | Reached skill level 5 in Axes
  7146 | D:8      | Reached skill level 5 in Maces & Flails
  7146 | D:8      | Reached skill level 5 in Polearms
  7146 | D:8      | Reached skill level 5 in Staves
  7146 | D:8      | Reached skill level 5 in Ranged Weapons
  7146 | D:8      | Reached skill level 5 in Throwing
  7146 | D:8      | Reached skill level 5 in Armour
  7146 | D:8      | Reached skill level 5 in Shields
  7146 | D:8      | Reached skill level 5 in Unarmed Combat
  7146 | D:8      | Reached skill level 5 in Evocations
  7146 | D:8      | Reached XP level 10. HP: 36/74 MP: 5/20
  7276 | D:8      | Reached *** piety under Cheibriados
  7566 | D:10     | Entered Level 10 of the Dungeon
  7628 | D:10     | Noticed a kobold demonologist
  7638 | D:10     | Noticed Grum
  7665 | D:10     | Noticed Maggie
  7673 | D:10     | Killed Maggie
  7684 | D:10     | Found a flagged portal.
  7787 | Bailey   | Entered a bailey
  7800 | Bailey   | Reached skill level 5 in Shapeshifting
  7869 | Bailey   | Reached **** piety under Cheibriados
  8278 | D:10     | Noticed Snorg
  8299 | D:10     | Killed Snorg
  8300 | D:10     | Reached skill level 6 in Shields
  8300 | D:10     | Reached skill level 5 in Conjurations
  8300 | D:10     | Reached skill level 5 in Hexes
  8300 | D:10     | Reached skill level 5 in Summonings
  8300 | D:10     | Reached skill level 5 in Necromancy
  8300 | D:10     | Reached skill level 5 in Translocations
  8300 | D:10     | Reached skill level 5 in Fire Magic
  8300 | D:10     | Reached skill level 5 in Air Magic
  8300 | D:10     | Reached skill level 5 in Earth Magic
  8300 | D:10     | Reached skill level 5 in Alchemy
  8300 | D:10     | Reached XP level 11. HP: 18/81 MP: 9/22
  8377 | D:11     | Noticed a skeletal warrior
  8512 | D:11     | Noticed a skeletal warrior
  8512 | D:11     | Noticed a skeletal warrior
  8512 | D:11     | Noticed a skeletal warrior
  8534 | D:10     | Killed a skeletal warrior
  8709 | D:10     | HP: 3/82 [skeletal warrior/+0 battleaxe (14)]
  8726 | D:10     | Killed Grum
  8899 | D:9      | Found a transporter.
  8901 | D:9      | Found a transporter.
  9011 | D:7      | Noticed Menkaure
  9017 | D:7      | Killed Menkaure
  9397 | D:7      | Reached ***** piety under Cheibriados
  9993 | D:8      | Noticed Joseph
 10005 | D:8      | Killed Joseph
 10289 | D:9      | Noticed a deep troll
 10290 | D:9      | Noticed Millikuen's ghost (novice SpWr)
 10291 | D:9      | Found a bloodstained altar of Trog.
 10292 | D:9      | Noticed a moth of wrath
 10320 | D:9      | Noticed a two-headed ogre
 10721 | D:10     | Found a bloodstained altar of Trog.
 10724 | D:10     | Found a white marble altar of Elyvilon.
 10774 | D:10     | Found an opulent altar of Gozag.
 10777 | D:10     | Found a hazy altar of Hepliaklqana.
 10882 | D:10     | Killed a skeletal warrior
 10883 | D:10     | Reached skill level 7 in Shields
 10957 | D:10     | Killed a skeletal warrior
 10958 | D:10     | Reached XP level 12. HP: 12/91 MP: 10/24
 11845 | D:11     | Found a staircase to the Lair.
 11944 | Lair:1   | Entered Level 1 of the Lair of Beasts
 11977 | Lair:1   | Identified the +7 dagger "Osose" {venom, MP-9 Int+5 Dex+2}
 12255 | Lair:2   | Found a staircase to the Swamp.
 12308 | Lair:2   | Reached ****** piety under Cheibriados
 12613 | Lair:3   | Noticed Fannar
 12621 | Lair:3   | Killed Fannar
 12622 | Lair:3   | Reached skill level 8 in Shields
 12925 | Lair:4   | Reached XP level 13. HP: 87/98 MP: 20/26
 13394 | Lair:4   | Reached skill level 10 in Ice Magic
 13422 | Lair:5   | Entered Level 5 of the Lair of Beasts
 13575 | Lair:5   | Reached skill level 10 in Spellcasting
 13703 | Lair:5   | Found the crystal ball of Wucad Mu {*channel}
 13759 | Lair:5   | Reached skill level 10 in Dodging
 13865 | Lair:5   | Got an earthy gem with 951 turns to spare
 14186 | Lair:5   | Reached skill level 9 in Shields
 14196 | Lair:5   | Reached skill level 10 in Stealth
 14500 | Lair:5   | Reached skill level 10 in Invocations
 14500 | Lair:5   | Reached XP level 14. HP: 72/108 MP: 21/28
 14583 | Lair:5   | Lost the earthy gem through the power of Zot.
 15162 | Lair:4   | Found a staircase to the Slime Pits.
 16040 | Lair:3   | Found a transporter.
 16052 | Lair:3   | Found a transporter.
 16180 | Lair:2   | Noticed Urug
 16198 | Lair:2   | Killed Urug
 16964 | Lair:2   | Found a hole to the Spider Nest.
 17109 | Lair:2   | Learned a level 3 spell: Stone Arrow
 17349 | Lair:1   | Learned a level 5 spell: Irradiate
 17953 | D:12     | Found a staircase to the Orcish Mines.
 18506 | D:12     | Found a portal to a secret trove of treasure.
 18526 | Orc:1    | Entered Level 1 of the Orcish Mines
 18895 | Orc:2    | Entered Level 2 of the Orcish Mines
 18994 | Orc:2    | Found a staircase to the Elven Halls.
 19152 | Orc:2    | Reached skill level 10 in Fighting
 19152 | Orc:2    | Reached skill level 10 in Short Blades
 19152 | Orc:2    | Reached skill level 10 in Long Blades
 19152 | Orc:2    | Reached skill level 10 in Axes
 19152 | Orc:2    | Reached skill level 10 in Maces & Flails
 19152 | Orc:2    | Reached skill level 10 in Polearms
 19152 | Orc:2    | Reached skill level 10 in Staves
 19152 | Orc:2    | Reached skill level 10 in Ranged Weapons
 19152 | Orc:2    | Reached skill level 10 in Throwing
 19152 | Orc:2    | Reached skill level 10 in Armour
 19152 | Orc:2    | Reached skill level 10 in Shields
 19152 | Orc:2    | Reached skill level 10 in Unarmed Combat
 19152 | Orc:2    | Reached skill level 10 in Evocations
 19201 | Orc:2    | Found an ancient bone altar of Kikubaaqudgha.
 19249 | Orc:2    | Found Nowisaxke's Book Emporium.
 19251 | Orc:2    | Noticed Erolcha
 19268 | Orc:2    | Killed Erolcha
 19278 | Orc:2    | Bought a book of the Dragon for 546 gold pieces
 19278 | Orc:2    | Bought a manual of Shields for 1040 gold pieces
 19280 | Orc:2    | Found a radiant altar of Vehumet.
 19374 | Orc:2    | Paralysed by an orc sorcerer for 5 turns
 19375 | Orc:2    | Reached XP level 15. HP: 96/115 MP: 18/30
 19433 | Orc:2    | Found Cavveco's Distillery.
 19634 | Orc:2    | Found Yfo Foan's Magic Scroll Emporium.
 19865 | Orc:2    | Bought a potion of heal wounds for 75 gold pieces
 19865 | Orc:2    | Bought a potion of heal wounds for 75 gold pieces
 19885 | Orc:2    | Bought a scroll of blinking for 75 gold pieces
 19885 | Orc:2    | Bought a scroll of blinking for 75 gold pieces
 19910 | Orc:2    | Found Urphulomu's Antique Armour Emporium.
 20708 | Orc:2    | Bought the Textbook on the Fluctuating Cumulonimbus for 650
                  | gold pieces
 20714 | Orc:2    | Learned a level 5 spell: Fireball
 20719 | Orc:2    | Learned a level 4 spell: Sticky Flame
 20725 | Orc:2    | Learned a level 5 spell: Arcjolt
 21068 | D:13     | Found a gate leading to a gauntlet.
 21102 | Gauntlet | Entered a Gauntlet
 21102 | Gauntlet | Found a transporter.
 21143 | Gauntlet | Found a transporter.
 21159 | Gauntlet | Found a transporter.
 21163 | Gauntlet | Found a transporter.
 21177 | Gauntlet | Found a transporter.
 21193 | Gauntlet | Found a transporter.
 21196 | Gauntlet | Found a transporter.
 21200 | Gauntlet | Found a transporter.
 21223 | Gauntlet | Found a transporter.
 21240 | Gauntlet | Found a transporter.
 21244 | Gauntlet | Found a transporter.
 21252 | Gauntlet | Found a transporter.
 21494 | Gauntlet | Identified the ring "Raempil" {+Blink rN+ rCorr Slay-5}
 21572 | Gauntlet | Identified the +2 robe "Has Lidd" {rF+ Int+2}
 21580 | Gauntlet | Identified the +7 dagger of Wuarph {freeze, Fly MP+9 Dex+4}
 21964 | D:13     | Identified the +2 ring mail "Mel Casi" {rPois Will+ rCorr
                  | Int-4 Stlth-}
 22847 | D:14     | Reached skill level 11 in Shields
 22962 | D:14     | Found a gate to the Vaults.
 23176 | D:15     | Entered Level 15 of the Dungeon
 23176 | D:15     | Found Axza's Assorted Antiques.
 23238 | D:15     | Noticed a walking divine tome
 23240 | D:15     | Found Pecyic's Book Shop.
 23243 | D:15     | Noticed a walking crystal tome
 24041 | D:15     | Reached skill level 10 in Shapeshifting
 24376 | D:15     | Found Goinewef's General Store.
 24400 | D:15     | Found a staircase to the Depths.
 24407 | D:15     | Reached XP level 16. HP: 104/124 MP: 25/32
 24525 | D:15     | Identified the ring "Laacyf" {+Blink rElec rC+ Will++
                  | Str+3}
 24688 | D:15     | Found Kofu's Armour Boutique.
 24700 | D:15     | Bought a +2 pair of boots for 181 gold pieces
 24745 | D:15     | Bought a scroll of enchant weapon for 127 gold pieces
 24944 | Swamp:1  | Entered Level 1 of the Swamp
 25234 | Swamp:1  | Reached skill level 12 in Shields
 25529 | Swamp:1  | Identified the +2 ring mail of Privacy {+Blink rCorr}
 25913 | Swamp:2  | Noticed Frances
 25984 | Swamp:1  | Killed Frances
 26232 | Swamp:2  | Noticed Roxanne
 26296 | Swamp:2  | Killed Roxanne
 27040 | Swamp:3  | Noticed a thorn hunter
 27046 | Swamp:3  | Killed a thorn hunter
 27192 | Swamp:3  | Noticed a kraken
 27210 | Swamp:3  | Killed a kraken
 27726 | Swamp:4  | Entered Level 4 of the Swamp
 27923 | Swamp:4  | Noticed a fenstrider witch
 27931 | Swamp:4  | Killed a fenstrider witch
 28173 | Swamp:4  | Reached skill level 13 in Shields
 28213 | Swamp:4  | Noticed a tentacled monstrosity
 28239 | Swamp:4  | Noticed Louise
 28285 | Swamp:4  | Reached XP level 17. HP: 67/133 MP: 14/33
 28401 | Swamp:4  | Killed a tentacled monstrosity
 28620 | Swamp:4  | Got a decaying rune of Zot
 28677 | Swamp:4  | Reached skill level 10 in Conjurations
 28677 | Swamp:4  | Reached skill level 10 in Hexes
 28677 | Swamp:4  | Reached skill level 10 in Summonings
 28677 | Swamp:4  | Reached skill level 10 in Necromancy
 28677 | Swamp:4  | Reached skill level 10 in Translocations
 28677 | Swamp:4  | Reached skill level 10 in Fire Magic
 28677 | Swamp:4  | Reached skill level 10 in Air Magic
 28677 | Swamp:4  | Reached skill level 10 in Earth Magic
 28677 | Swamp:4  | Reached skill level 10 in Alchemy
 29011 | Swamp:4  | Killed Louise
 29461 | Spider:1 | Entered Level 1 of the Spider Nest
 29818 | Spider:4 | Entered Level 4 of the Spider Nest
 29821 | Spider:4 | Noticed Agnes
 29833 | Spider:4 | Reached skill level 14 in Shields
 29834 | Spider:4 | Killed Agnes
 30985 | Spider:4 | Reached XP level 18. HP: 84/141 MP: 17/35
 31325 | Spider:4 | Got a milky-white gem with 353 turns to spare
 31387 | Spider:4 | Got a gossamer rune of Zot
 31603 | Spider:4 | Lost the milky-white gem through the power of Zot.
 32716 | Spider:3 | Reached skill level 15 in Shields
 35114 | Spider:1 | Found a transporter.
 35135 | Spider:1 | Noticed Dirian's ghost (journeyman MiFi)
 35236 | Spider:1 | Found a transporter.
 35771 | Spider:1 | Killed Dirian's ghost
 35902 | Spider:1 | Reached XP level 19. HP: 51/127 MP: 4/37
 36129 | Spider:1 | Identified the amulet of Anealiacs {Reflect Harm rPois
                  | Dex-3 Slay+5 SH+5}
 36131 | Spider:1 | Identified the ring "Erutyut" {^Drain rF+ Will+ Dex+4}
 36140 | Spider:1 | Identified the +11 great mace of Butchery {flame, rPois
                  | Int+6}
 36350 | Vaults:1 | Entered Level 1 of the Vaults
 36350 | Vaults:1 | Noticed Saint Roka
 36571 | Vaults:1 | Killed Saint Roka
 36734 | Vaults:1 | Noticed Donald
 36744 | Vaults:1 | Killed Donald
 37162 | Vaults:1 | Reached skill level 16 in Shields
 37459 | Vaults:1 | Learned a level 5 spell: Freezing Cloud
 38509 | Vaults:2 | Noticed Mennas
 38524 | Vaults:2 | Killed Mennas
 38949 | Vaults:2 | Reached skill level 15 in Invocations
 39158 | Vaults:2 | Noticed Zenata
 39167 | Vaults:2 | Killed Zenata
 39322 | Vaults:2 | Reached XP level 20. HP: 136/158 MP: 36/38
 39391 | Vaults:2 | Found Jycin's Weapon Boutique.
 39744 | Vaults:3 | Found a magical portal.
 39758 | WizLab   | Entered Zonguldrok's Shrine
 39773 | WizLab   | Reached skill level 17 in Shields
 39988 | WizLab   | Reached skill level 15 in Spellcasting
 40022 | WizLab   | Noticed an antique champion
 40022 | WizLab   | Noticed an antique champion
 40035 | WizLab   | Killed an antique champion
 40043 | WizLab   | Killed an antique champion
 40217 | WizLab   | Identified the +7 shadow dragon scales of Beloved Leaves
                  | {Dex+4 Stlth++++}
 40219 | WizLab   | Identified the +9 shadow dragon scales of the Lute {Rampage
                  | rN++ Stlth++++}
 40361 | Vaults:3 | Reached skill level 15 in Dodging
 40863 | Vaults:3 | Found a staircase to the Crypt.
 41508 | Vaults:4 | Reached skill level 15 in Stealth
 41908 | Vaults:4 | Reached XP level 21. HP: 161/166 MP: 15/40
 42238 | Vaults:4 | Reached skill level 18 in Shields
 43032 | Vaults:5 | Entered Level 5 of the Vaults
 43374 | Vaults:4 | Reached skill level 15 in Fighting
 43374 | Vaults:4 | Reached skill level 15 in Short Blades
 43374 | Vaults:4 | Reached skill level 15 in Long Blades
 43374 | Vaults:4 | Reached skill level 15 in Axes
 43374 | Vaults:4 | Reached skill level 15 in Maces & Flails
 43374 | Vaults:4 | Reached skill level 15 in Polearms
 43374 | Vaults:4 | Reached skill level 15 in Staves
 43374 | Vaults:4 | Reached skill level 15 in Ranged Weapons
 43374 | Vaults:4 | Reached skill level 15 in Throwing
 43374 | Vaults:4 | Reached skill level 15 in Armour
 43374 | Vaults:4 | Reached skill level 15 in Unarmed Combat
 43374 | Vaults:4 | Reached skill level 15 in Evocations
 43600 | Vaults:5 | Noticed a golden dragon
 43789 | Vaults:4 | Killed a golden dragon
 43969 | Vaults:5 | Noticed a golden dragon
 44539 | Vaults:5 | Reached XP level 22. HP: 158/175 MP: 42/42
 44581 | Vaults:5 | Identified the +2 scale mail "Woust" {SInv}
 44768 | Vaults:5 | Identified the +1 falchion "Vaenial" {flame, *Rage *Noise
                  | Fly rPois}
 44784 | Vaults:5 | Identified the staff of Disaster {rCorr Earth}
 44841 | Vaults:5 | Reached skill level 19 in Shields
 45006 | Vaults:5 | Found the +8 Vampire's Tooth {megavamp}
 45051 | Vaults:5 | Noticed Xtahua
 45063 | Vaults:5 | Killed Xtahua
 45251 | Vaults:5 | Identified the amulet of Xial {Reflect Will- Str+2 Dex+4
                  | SH+5 Stlth+}
 45333 | Vaults:5 | Killed a golden dragon
 45363 | Vaults:5 | Identified the +3 quarterstaff of Delicate Fortitude
                  | {speed, *Noise rElec rF+ Str+8 Int+4}
 45390 | Vaults:5 | Found Myaklelu's Distillery.
 45395 | Vaults:5 | Bought a potion of heal wounds for 80 gold pieces
 45395 | Vaults:5 | Bought 2 potions of heal wounds for 160 gold pieces
 45395 | Vaults:5 | Bought a potion of invisibility for 128 gold pieces
 45407 | Vaults:5 | Noticed an ancient lich
 45413 | Vaults:5 | Killed an ancient lich
 45513 | Vaults:5 | Noticed an ancient lich
 45519 | Vaults:5 | Killed an ancient lich
 45606 | Vaults:5 | Got a silver rune of Zot
 45909 | Vaults:5 | Found Xepsig's Distillery.
 45909 | Vaults:5 | Found Oselewk's Distillery.
 45914 | Vaults:5 | Bought a potion of invisibility for 96 gold pieces
 45921 | Vaults:5 | Bought a potion of curing for 51 gold pieces
 45921 | Vaults:5 | Bought a potion of attraction for 51 gold pieces
 45921 | Vaults:5 | Bought a potion of attraction for 51 gold pieces
 46411 | Elf:1    | Entered Level 1 of the Elven Halls
 46563 | Elf:2    | Found a runed translucent gate.
 46563 | Elf:2    | Found a runed translucent gate.
 46563 | Elf:2    | Found a runed translucent gate.
 46626 | Elf:3    | Entered Level 3 of the Elven Halls
 46654 | Elf:3    | Identified the serpent talisman of Fonko {rElec rF+++ Dex-3
                  | SInv}
 46654 | Elf:3    | Noticed Aizul
 46667 | Elf:3    | Killed Aizul
 46691 | Elf:3    | Reached skill level 15 in Ice Magic
 46971 | Elf:3    | Identified the +3 buckler of the Cooper {+Blink rElec
                  | Str+2}
 46989 | Elf:3    | Reached XP level 23. HP: 159/183 MP: 23/43
 46993 | Elf:3    | Identified the staff "Mucriu Xili" {+Blink rF+ Fire}
 46999 | Elf:3    | Identified the ring of Duttonoe {rElec EV+5 Str+2 Dex+3}
 47032 | Elf:3    | Identified the ring "Ruschex" {+Blink rCorr Int+4 Dex-2}
 47071 | Elf:3    | Got a shimmering gem with 370 turns to spare
 47083 | Elf:3    | Got Murit Qer's Discourse on Ensnaring Impulse
 47202 | Elf:3    | Lost the shimmering gem through the power of Zot.
 47400 | Elf:3    | Identified a scroll of acquirement
 47402 | Elf:3    | Acquired the Atlas of Twisted Pyromancy
 47415 | Elf:3    | Learned a level 7 spell: Spellforged Servitor
 47469 | Elf:3    | Found Vunoepn's Jewellery Emporium.
 47994 | Elf:2    | Paralysed by an air elemental for 1 turns
 48052 | Elf:2    | Reached skill level 20 in Shields
 48805 | Elf:2    | Identified the blade talisman of the Desolation of Salt
                  | {Int+5 Dex+3 Slay-6}
 49338 | Elf:1    | Identified the +1 sling "Eke Xank" {heavy, rC+ Dex+4
                  | Stlth-}
 49550 | Elf:1    | Found Gunoaxan's Magic Scroll Boutique.
 49556 | Elf:1    | Bought a scroll of teleportation for 51 gold pieces
 49556 | Elf:1    | Bought a scroll of blinking for 127 gold pieces
 49556 | Elf:1    | Bought a scroll of revelation for 127 gold pieces
 49589 | Elf:1    | Reached skill level 15 in Shapeshifting
 50253 | Crypt:1  | Entered Level 1 of the Crypt
 50453 | Crypt:1  | Noticed Bai Suzhen
 50466 | Crypt:1  | Killed Bai Suzhen
 50639 | Crypt:3  | Entered Level 3 of the Crypt
 50832 | Crypt:3  | Found the +3 robe of Clouds {*Thunder rCloud rElec}
 50938 | Crypt:3  | Reached XP level 24. HP: 141/193 MP: 44/44
 50965 | Crypt:3  | Found a basalt altar of Yredelemnul.
 50996 | Crypt:3  | Learned a level 8 spell: Ignition
 51041 | Crypt:3  | Identified the ring of the Two Names {rF+ rN+ Will+ Int+3}
 51095 | Crypt:3  | Got an ivory gem with 326 turns to spare
 51103 | Crypt:3  | Got Ihasmoj's Volume of Hyperbolic Burning
 51108 | Crypt:3  | Identified the ring of Ywulaef {rN+ SInv}
 51108 | Crypt:3  | Identified the amulet "Kyugg" {Rampage rPois rN++ Regen+
                  | Str-4}
 51111 | Crypt:3  | Identified the staff "Ophy" {rF+ Int+3 Fire}
 51227 | Crypt:3  | Lost the ivory gem through the power of Zot.
 51345 | Crypt:3  | Noticed Sojobo
 51359 | Crypt:3  | Reached skill level 21 in Shields
 51361 | Crypt:3  | Killed Sojobo
 51464 | Crypt:3  | Noticed a royal mummy
 51471 | Crypt:3  | Found a staircase to the Tomb.
 51480 | Crypt:3  | Killed a royal mummy
 52312 | Crypt:2  | Noticed Jory
 52319 | Crypt:2  | Killed Jory
 54063 | Depths:1 | Entered Level 1 of the Depths
 54112 | D:15     | Bought a book of Dangerous Friends for 630 gold pieces
 54123 | D:15     | Learned a level 7 spell: Orb of Destruction
 54278 | Depths:1 | Found a one-way gate to the infinite horrors of the Abyss.
 54279 | Depths:1 | Found a gateway to Hell.
 54382 | Depths:4 | Entered Level 4 of the Depths
 54397 | Depths:4 | Reached XP level 25. HP: 138/201 MP: 3/44
 54589 | Depths:4 | Found Yguqucs's Jewellery Emporium.
 54856 | Depths:4 | Found a gate to the Realm of Zot.
 54873 | Depths:4 | Reached skill level 22 in Shields
 54899 | Depths:4 | Got a midnight gem with 1696 turns to spare
 55377 | Depths:3 | Noticed the Enchantress
 55384 | Depths:3 | Killed the Enchantress
 55610 | Depths:3 | Found a one-way gateway to a ziggurat.
 55619 | Depths:3 | Lost the midnight gem through the power of Zot.
 55852 | Depths:3 | Reached skill level 15 in Conjurations
 55852 | Depths:3 | Reached skill level 15 in Hexes
 55852 | Depths:3 | Reached skill level 15 in Summonings
 55852 | Depths:3 | Reached skill level 15 in Necromancy
 55852 | Depths:3 | Reached skill level 15 in Translocations
 55852 | Depths:3 | Reached skill level 15 in Fire Magic
 55852 | Depths:3 | Reached skill level 15 in Air Magic
 55852 | Depths:3 | Reached skill level 15 in Earth Magic
 55852 | Depths:3 | Reached skill level 15 in Alchemy
 55953 | Depths:3 | Identified the ring "Daipyqet" {rElec rF+ Will++}
 56170 | Depths:3 | Identified the +5 ring mail of Nyhese {rElec rC- Str+4
                  | Stlth+}
 56877 | Depths:2 | Identified the +4 chain mail of the New World {Will+ Str+2
                  | Dex+4}
 56892 | Depths:2 | Got the Lectures on Injurious Combustion
 56924 | Depths:2 | Found a shimmering altar of Xom.
 56945 | Depths:2 | Found a one-way gate leading to the halls of Pandemonium.
 57121 | Depths:2 | You fall into a shaft and drop 2 floors!
 57233 | Depths:2 | Identified the granite talisman of the Skies Above {rC+}
 57415 | Depths:2 | Identified the +1 glaive of Gin and Tonic {flame, rCorr
                  | Dex+2}
 58355 | Depths:1 | Learned a level 8 spell: Lehudib's Crystal Spear
 58688 | Slime:1  | Entered Level 1 of the Pits of Slime
 58723 | Slime:2  | Gained mutation: You sometimes lose your temper in combat.
                  | [a shining eye]
 58805 | Slime:4  | Reached XP level 26. HP: 211/211 MP: 41/45
 58824 | Slime:4  | Lost mutation: You sometimes lose your temper in combat.
                  | [potion of mutation]
 58824 | Slime:4  | Gained mutation: Your muscles are strong. (Str +4, Int/Dex
                  | -1) [potion of mutation]
 58824 | Slime:4  | Gained mutation: You occasionally lose the ability to read
                  | scrolls when taking damage. [potion of mutation]
 58825 | Slime:4  | Lost mutation: Your muscles are strong. (Str +4, Int/Dex
                  | -1) [potion of mutation]
 58825 | Slime:4  | Lost mutation: You occasionally lose the ability to read
                  | scrolls when taking damage. [potion of mutation]
 58825 | Slime:4  | Gained mutation: Your spells are a little easier to cast,
                  | but a little less powerful. [potion of mutation]
 58844 | Slime:5  | Entered Level 5 of the Pits of Slime
 58946 | Slime:5  | Noticed the Royal Jelly
 58949 | Slime:5  | Found a viscous altar of Jiyva.
 58963 | Slime:5  | Killed the Royal Jelly
 58964 | Slime:5  | Reached skill level 23 in Shields
 58986 | Slime:5  | Got a starry gem with 83 turns to spare
 59004 | Slime:5  | Got a slimy rune of Zot
 59046 | Slime:5  | Lost the starry gem through the power of Zot.
 59098 | Slime:5  | Identified the +1 orcbow of Doom {elec, ^Fragile rCorr
                  | Str-5 Dex+8}
 59119 | Slime:5  | Got the Vellum of Mortuary Ouranomancy
 59177 | Slime:5  | Identified the +0 pair of gloves of the Eagle {rC+}
 59188 | Slime:5  | Identified the +0 robe "Wufingix" {-Cast +Inv Regen+ Dex+5}
 59382 | Slime:5  | Identified the staff of Payddus {rElec rF+ Fire}
 60762 | Slime:1  | You fall into a shaft and drop 1 floor!
 61338 | Depths:1 | Voluntarily entered the Abyss.
 61437 | Abyss:1  | Found a corrupted altar of Lugonu.
 61683 | Abyss:2  | Noticed an ancient lich
 61690 | Abyss:2  | Killed an ancient lich
 61960 | Abyss:2  | Paralysed by accursed screaming for 1 turns
 62097 | Abyss:2  | Found a corrupted altar of Lugonu.
 62176 | Abyss:2  | Found a corrupted altar of Lugonu.
 62260 | Abyss:3  | Found a corrupted altar of Lugonu.
 62508 | Abyss:3  | Reached XP level 27. HP: 219/219 MP: 33/46
 62743 | Abyss:4  | Gained mutation: Your muscles are strong. (Str +4, Int/Dex
                  | -1) [a neqoxec]
 62878 | Abyss:4  | Got an abyssal rune of Zot
 63002 | Abyss:4  | Reached skill level 24 in Shields
 63598 | Depths:1 | Escaped the Abyss
 63741 | Hell     | Entered the Vestibule of Hell
 63742 | Hell     | Noticed Geryon
 63783 | Hell     | Killed Geryon
 63810 | Hell     | Noticed Murray
 63927 | Hell     | Killed Murray
 64017 | Hell     | Found a gateway to the Iron City of Dis.
 64113 | Hell     | Found a gateway to the ashen valley of Gehenna.
 64156 | Hell     | Found a gateway to the decaying netherworld of Tartarus.
 64231 | Hell     | Found a gateway to the freezing wastes of Cocytus.
 64280 | Coc:1    | Entered Level 1 of Cocytus
 64653 | Coc:3    | Paralysed by a wendigo for 1 turns
 64659 | Coc:3    | Paralysed by a wendigo for 1 turns
 64959 | Coc:5    | Reached skill level 25 in Shields
 65065 | Coc:6    | Paralysed by a wendigo for 1 turns
 65375 | Coc:4    | Paralysed by a wendigo for 1 turns
 65538 | Coc:7    | Entered Level 7 of Cocytus
 65725 | Coc:7    | Paralysed by a wendigo for 1 turns
 65779 | Coc:7    | Learned a level 3 spell: Passwall
 65781 | Coc:7    | Paralysed by a Zot trap for 3 turns
 65857 | Coc:7    | Noticed Antaeus
 65864 | Coc:7    | Killed from afar by a wendigo

Illustrated notes

Levels and vault maps discovered:
D:1:      sevenhm_arrival_forest_fort_large_2, layout_loops_corners
D:2:      layout_basic, hellmonk_ecumenical_altar_crossroads,
          palyth_stone_intersect
D:3:      layout_basic
D:4:      layout_layer_cave, kennysheep_mini, zin_academy,
          chequers_ossuary_entry_cave, uniq_eustachio, uniq_edmund, uniq_sigmund
D:5:      layout_basic, minmay_temple_entry_glassed_door, uniq_duvessa
D:6:      layout_cave_pools
D:7:      layout_basic, nicolae_vehumet_altar_sigil, small_statue_intersection,
          uniq_menkaure
D:8:      layout_gridville, uniq_erica, uniq_joseph
D:9:      layout_roguey, gammafunk_ghost_wrathful_warriors,
          serial_bayou_crossing
D:10:     layout_cave_pools, nicolae_overflow_hidden_temple, enter_bailey_3,
          blue_anna_alchemist, uniq_snorg, uniq_maggie, uniq_grum
D:11:     layout_cave_pools, minmay_lair_entry_grove
D:12:     layout_roguey, orc_0_dummy, enter_trove_6
D:13:     layout_irregular_city, gauntlet_entry_generic
D:14:     layout_rooms, david_vaults_2, serial_park_tiny_2, eino_curves_03
D:15:     hangedman_depths_entry_civil_slaughter, layout_basic, special_room
          [special_room_mythical_zoo], serial_shops,
          nicolae_shop_real_fake_doors, shop_statue, shop,
          nicolae_shop_mannequins, roderic_serpentine_path, minivault_20
Lair:1:   layout_loops_ring
Lair:2:   cheibrodos_lair_river_kwai, layout_gridlike, swamp_mist_pool,
          spider_nest_entry_funnel_web, st_stairs_8, uniq_urug
Lair:3:   gammafunk_boulding_lane, layout_misc_corridors, uniq_fannar
Lair:4:   layout_layer_cave, slime_entry_1, lemuel_fruit_fields
Lair:5:   minmay_lair_end_frog_pond, layout_gridlike, nicolae_lair_yak_garden
Swamp:1:  layout_falls_marsh, nicolae_swamp_little_tower
Swamp:2:  layout_falls_marsh, evilmike_swamp_ruin_rubble_2, uniq_frances,
          uniq_roxanne
Swamp:3:  layout_falls_marsh, nicolae_swamp_stuck_in_the_mud, swamp_pool_1_2,
          nicolae_swamp_thats_no_hydra
Swamp:4:  nzn_swamp_witches_coven, layout_basic_swamp, swamp_pool_5, uniq_louise
Spider:1: layout_spider_delve, gammafunk_ghost_berserking_beasts
Spider:2: nicolae_spider_hilbert_zone_5 [nicolae_spider_hilbert_3_sides_1_open,
          nicolae_spider_hilbert_4_sides_1_open,
          nicolae_spider_hilbert_4_sides_1_open,
          nicolae_spider_hilbert_6_sides_1_open,
          nicolae_spider_hilbert_6_sides_1_open], nicolae_spider_acid_house
Spider:3: layout_cave_pods, drop_trap, hive_lemuel
Spider:4: grunt_spider_rune_circles, uniq_agnes
Slime:1:  layout_caves
Slime:2:  layout_caves, nicolae_slime_getting_an_eyeful
Slime:3:  layout_caves
Slime:4:  cheibrodos_slime_lost_civilization_10, layout_caves
Slime:5:  slime_pit_nicolae_trefoil
Orc:1:    layout_diamond_mine
Orc:2:    kennysheep_orc_mage_school, layout_caves
Elf:1:    elf_arrival_002, layout_onion_city, serial_library,
          serial_library_hellmonk_junction, serial_library_hellmonk_room_b,
          serial_library_hellmonk_semicircle,
          serial_library_hellmonk_small_alcove,
          serial_library_regret_index_branch_corner,
          serial_library_hellmonk_recessed_alcove,
          serial_library_hellmonk_angled_corner,
          serial_library_regret_index_multi, serial_shops,
          nicolae_shop_hallway_plus, kennysheep_underground_church
Elf:2:    elven_hall_of_blades_hangedman_original [nicolae_blade_lattice],
          layout_loops_corners, wad_dig_loot
Elf:3:    minmay_elf_hall_furrowed, layout_onion_city, serial_shops, shop,
          uniq_aizul
Vaults:1: nicolae_vaults_mitosis, nicolae_vaults_network_square,
          nicolae_vaults_closet_pinwheel_4, ontoclasm_vaults_fire_temple,
          vaults_dpeg_spiral, vaults_dpeg_encased_lava, nicolae_vaults_theta,
          vaults_mumra_chevron, nicolae_vaults_alarming, v_misc_1,
          v_alt_pattern_6, layout_vaults_maze_snakey, serial_glass,
          uniq_saint_roka, uniq_donald
Vaults:2: nicolae_vaults_two_Ls, nicolae_vaults_two_Ls,
          nicolae_vaults_shipping_containers_4,
          nicolae_vaults_trapezoid_lopsided_3, nicolae_vaults_specimen_jars,
          hangedman_vaults_pinch, hangedman_vaults_nails, vaults_room_door_hall,
          nicolae_vaults_big_ls, nicolae_vaults_sesquioval_fish,
          nicolae_vaults_taking_the_gang_shopping, nicolae_vaults_shelves_hall,
          layout_vaults_ring, uniq_mennas, uniq_margery, uniq_zenata
Vaults:3: mu_enter_wizlab_4, v_misc_14, nicolae_vaults_murderbox,
          nicolae_vaults_steering_wheel, vaults_room_octagon, vaults_room_pools,
          nicolae_vaults_tetromino_L_1, layout_vaults_chaotic_city,
          blue_anna_dwarven_crypt
Vaults:4: nicolae_vaults_closet_pinwheel_1, nicolae_vaults_stairing_the_circle,
          ontoclasm_vaults_chip, vaults_room_large_hall,
          nicolae_vaults_bisected_slash, st_squares, hangedman_vaults_slither,
          ontoclasm_vaults_pinch, nicolae_vaults_border_crossing,
          nicolae_vaults_trapezoid_layered, nicolae_vaults_diamond_1,
          layout_vaults_omnicross
Vaults:5: serial_shops, uniq_xtahua
Crypt:1:  layout_misc_corridors, grunt_crypt_arrival_guarded_gate,
          uniq_bai_suzhen
Crypt:2:  minmay_shadows, layout_gridlike, uniq_jory
Crypt:3:  evilmike_haunted_forest, uniq_sojobo
Depths:1: layout_cave_pools, abyss_entry_glasseish, hell_entry,
          kennysheep_small_square
Depths:2: kennysheep_bubble_arena, layout_honeycomb,
          regret_index_xom_buried_treasure, rand_demon_pan_entry_7,
          grunt_hell_entry_dis_old, kennysheep_generic_room_15
Depths:3: minmay_skeleton_keep, layout_cave_pools, enter_ziggurat_e, hell_entry,
          nicolae_concentric_dashed_squares_wild,
          nicolae_abyss_entry_one_way_or_another, uniq_enchantress
Depths:4: grunt_zot_entry_pinwheel, layout_cave_pools, hell_entry, serial_shops,
          nicolae_shop_waterfront, minmay_misc_feat_tiny, drop_trap,
          grunt_megastairs_3
Hell
Coc:1:    layout_ice_bergs
Coc:2:    layout_ice_bergs
Coc:3:    layout_ice_bergs
Coc:4:    layout_ice_bergs
Coc:5:    layout_cocytus_delve
Coc:6:    layout_cocytus_water_paths
Coc:7:    coc_mu

Skill      XL: |  1  2  3  4  5  6  7  8  9 10 11 12 13 14 15 16 17 18 19 20 21 22 23 24 25 26 27 |
---------------+----------------------------------------------------------------------------------+-----
Spellcasting   | 5 6 7 8 9 10 11 12 13 14 15 16 17 18 19 20 | 20.4
Invocations    | 1 2 3 4 5 6 7 8 10 11 12 13 14 15 16 17 18 19 20 21 | 21.5
Fighting       | 1 2 3 5 6 7 8 9 10 11 12 13 14 15 16 17 18 19 | 19.9
Short Blades   | 1 2 3 5 6 7 8 9 10 11 12 13 14 15 16 17 18 19 | 19.9
Long Blades    | 1 2 3 5 6 7 8 9 10 11 12 13 14 15 16 17 18 19 | 19.9
Axes           | 1 2 3 5 6 7 8 9 10 11 12 13 14 15 16 17 18 19 | 19.9
Maces & Flails | 1 2 3 5 6 7 8 9 10 11 12 13 14 15 16 17 18 19 | 19.9
Polearms       | 1 2 3 5 6 7 8 9 10 11 12 13 14 15 16 17 19 20 22 | 22.5
Staves         | 1 2 3 5 6 7 8 9 10 11 12 13 14 15 16 17 18 19 | 19.9
Ranged Weapons | 1 2 3 5 6 7 8 9 10 11 12 13 14 15 16 17 18 19 | 19.9
Throwing       | 1 2 3 5 6 7 8 9 10 11 12 13 14 15 16 17 18 19 | 19.9
Armour         | 1 2 3 5 6 7 8 9 10 11 12 13 14 15 16 17 18 19 | 19.9
Shields        | 1 2 3 5 6 7 8 9 10 11 13 14 15 16 17 18 19 20 21 22 23 25 | 25.6
Unarmed Combat | 1 2 3 5 6 7 8 9 10 11 12 13 14 15 16 17 18 19 | 19.9
Evocations     | 1 2 3 5 6 7 8 9 10 11 12 13 14 15 16 17 18 19 | 19.9
Shapeshifting  | 1 2 3 4 5 6 7 8 9 10 11 12 13 14 15 16 17 18 | 18.4
Conjurations   | 1 2 3 4 5 6 7 8 9 10 11 12 13 14 15 17 | 17.0
Hexes          | 1 2 3 4 5 6 7 8 9 10 11 12 13 14 15 17 | 17.0
Summonings     | 1 2 3 4 5 6 7 8 9 10 11 12 13 14 15 17 | 17.0
Necromancy     | 1 2 3 4 5 6 7 8 9 10 11 12 13 14 15 17 | 17.0
Translocations | 1 2 3 4 5 6 7 8 9 10 11 12 13 14 15 17 | 17.0
Fire Magic     | 1 2 3 4 5 6 7 8 9 10 11 12 13 14 15 17 | 17.0
Air Magic      | 1 2 3 4 5 6 7 8 9 10 11 12 13 14 15 17 | 17.0
Earth Magic    | 1 2 3 4 5 6 7 8 9 10 11 12 13 14 15 17 | 17.0
Alchemy        | 1 2 3 4 5 6 7 8 9 10 11 12 13 14 15 17 | 17.0
Dodging        | 5 6 7 8 9 10 11 12 13 14 15 16 17 18 19 20 | 20.3
Stealth        | 5 6 7 8 9 10 11 12 13 14 15 16 17 18 19 20 | 20.3
Ice Magic      | 8 9 10 11 12 13 14 15 16 17 18 | 18.2

Action                     |  1- 3 |  4- 6 |  7- 9 | 10-12 | 13-15 | 16-18 | 19-21 | 22-24 | 25-27 || total
---------------------------+-------+-------+-------+-------+-------+-------+-------+-------+-------++-------
  Melee: Dagger            |     9 |    51 |   272 |       |       |       |       |       |       ||   332
         Bite              |       |     4 |    51 |    79 |   186 |   181 |   146 |   251 |   428 ||  1326
         Punch             |       |       |    13 |       |       |       |       |       |       ||    13
         Spear             |       |       |    96 |   399 |   897 |       |       |       |       ||  1392
         Scimitar          |       |       |       |   111 |       |       |       |       |       ||   111
         Demon blade       |       |       |       |       |   212 |  1035 |   635 |   515 |  1398 ||  3795
         Sacred scourge    |       |       |       |       |       |       |   145 |   810 |   594 ||  1549
   Cast: Freeze            |    31 |     2 |    22 |     3 |     4 |       |       |       |       ||    62
         Frozen Ramparts   |     1 |    14 |    46 |    38 |    69 |    36 |    37 |    16 |    10 ||   267
         Ozocubu's Armour  |       |     3 |    19 |    33 |    38 |    26 |    51 |    38 |    27 ||   235
         Summon Ice Beast  |       |       |     8 |    20 |    39 |    14 |       |       |       ||    81
         Lesser Beckoning  |       |       |       |     4 |     5 |    18 |     1 |     3 |    14 ||    45
         Blink             |       |       |       |     1 |     1 |     1 |       |       |       ||     3
         Stone Arrow       |       |       |       |       |    22 |    35 |     8 |     4 |       ||    69
         Fireball          |       |       |       |       |    12 |    73 |    35 |    48 |    23 ||   191
         Sticky Flame      |       |       |       |       |    12 |    42 |    32 |    10 |     3 ||    99
         Arcjolt           |       |       |       |       |     5 |    24 |    26 |    11 |     2 ||    68
         Irradiate         |       |       |       |       |     1 |    39 |    51 |    36 |    22 ||   149
         Freezing Cloud    |       |       |       |       |       |       |     3 |     1 |     2 ||     6
         Spellforged Servi |       |       |       |       |       |       |       |     1 |     2 ||     3
         Orb of Destructio |       |       |       |       |       |       |       |     2 |     9 ||    11
         Ignition          |       |       |       |       |       |       |       |     1 |    79 ||    80
         Lehudib's Crystal |       |       |       |       |       |       |       |       |    15 ||    15
 Invoke: Bend Time         |       |       |       |     6 |     1 |     1 |     3 |     3 |       ||    14
         Slouch            |       |       |       |     1 |       |     1 |       |       |     5 ||     7
Ability: Evoke Blink       |       |       |       |       |       |     1 |       |       |       ||     1
         Evoke Invisibilit |       |       |       |       |       |     1 |       |       |       ||     1
  Evoke: Wand              |       |       |     3 |    14 |     5 |    29 |     1 |    16 |    20 ||    88
         Phantom mirror    |       |       |       |     1 |     1 |     1 |       |     1 |       ||     4
         Tin of tremorston |       |       |       |       |     1 |     3 |       |     3 |     6 ||    13
         Box of beasts     |       |       |       |       |       |     3 |     2 |     2 |     1 ||     8
         Lightning rod     |       |       |       |       |       |       |       |     5 |     7 ||    12
         Horn of Geryon    |       |       |       |       |       |       |       |       |     1 ||     1
    Use: Scroll            |       |       |     9 |    11 |     9 |    12 |     4 |    18 |    23 ||    86
         Potion            |       |       |     6 |     5 |     5 |     7 |     2 |     3 |     2 ||    30
   Stab: Sleeping          |       |     3 |     8 |    11 |    13 |    10 |    17 |    52 |    21 ||   135
         Distracted        |       |     1 |     1 |     2 |     9 |     6 |     9 |    10 |    12 ||    50
         Invisible         |       |       |       |     1 |       |       |       |       |       ||     1
         Confused          |       |       |       |       |       |       |       |       |     2 ||     2
         Paralysed         |       |       |       |       |       |       |       |       |     1 ||     1
 Armour: Robe              |    15 |    22 |   164 |       |       |       |       |       |       ||   201
         Steam dragon scal |       |       |    38 |    20 |       |       |       |       |       ||    58
         Swamp dragon scal |       |       |       |   196 |   293 |   596 |    10 |       |       ||  1095
         Skin              |       |       |       |       |    13 |       |   471 |   493 |   711 ||  1688
  Dodge: Dodged            |    17 |    29 |   206 |   230 |   564 |  1005 |   972 |  1279 |  1984 ||  6286
  Block: Other             |       |     5 |    57 |       |     1 |       |       |       |       ||    63
         Buckler           |       |       |    37 |   309 |   577 |   885 |    26 |       |       ||  1834
         Reflection        |       |       |     3 |    28 |    32 |    16 |    59 |    74 |    75 ||   287
         Kite shield       |       |       |       |       |       |       |  1360 |  1976 |  2649 ||  5985
         Tower shield      |       |       |       |       |       |       |       |       |   996 ||   996
   Form: Statue            |       |       |       |       |       |       |     1 |       |     1 ||     2
